cohdb
Replays
Latest Replays
All Replays
Popular Replays
Top Player Replays
Match Explorer
How It Works
Community
CoH3 Stats
Reddit
Sign in to upload your games and track your stats! →
Sign in with Steam
Match 46648572
Unlisted
Match 46648572
Overview
Messages
Build Orders
End
Construct Barracks
Selects Armored Battlegroup
Riflemen Squad
Selects Veteran Crews
1⁄4-ton 4x4 Truck
Riflemen Squad
M1 Mortar Team
Construct Medical Station
Riflemen Squad
Mechanized Support Center
Grenade Package
Selects Fast Deploy
1⁄4-ton 4x4 Truck
Construct Motor Pool
M8 Greyhound Armored Car
M1 Anti-tank Gun Team
Engineer Squad
M8 Greyhound Armored Car
M24 Chaffee Light Tank
M1 Mortar Team
Selects Field Repairs
Selects Seek and Destroy
Selects War Machine
Selects UNKNOWN (2160077)
M8 Greyhound Armored Car
M3 75 mm Gun Motor Carriage
Riflemen Squad
M1918 Browning Automatic Rifles
M1 Anti-tank Gun Team
Dark Lord Cthulhu
JJB34
0
0
Comments
sign in to comment!
No comments posted yet!